 Dungeon Crawl Stone Soup version 0.30.0 (webtiles) character file.

Game seed: 3574538592708266978

266 Persephone the Shooter (level 6, 0/52 HPs)
             Began as a Minotaur Hunter on May 6, 2023.
             Slain by an orc priest
             ... wielding a +1 hand axe of freezing
              (2 damage)
             ... on level 4 of the Dungeon.
             The game lasted 00:04:29 (2693 turns).

Persephone the Shooter (Minotaur Hunter)            Turns: 2693, Time: 00:04:30

Health: 0/52       AC:  6    Str: 15    XL:     6   Next: 0%
Magic:  5/5        EV: 11    Int:  6    God:
Gold:   72         SH:  7    Dex: 16    Spells: 5/5 levels left

rFire   . . .        o - +0 sling
rCold   . . .        n - +0 kite shield
rNeg    . . .        c - +1 leather armour
rPois   .            (helmet restricted)
rElec   .            (no cloak)
rCorr   .            m - +1 Delatra's gloves {ID++}
SInv    .            (no boots)
Will    .....        (no amulet)
Stlth   ++           (no ring)
HPRegen 0.28/turn    (no ring)
MPRegen 0.09/turn

%: no passive effects
@: no status effects
A: horns 2, retaliatory headbutt
a: no special abilities


You were on level 4 of the Dungeon.
You visited 1 branch of the dungeon, and saw 4 of its levels.

You collected 72 gold pieces.

Inventory:

Hand Weapons
 a - a +0 shortbow
 o - a +0 sling (weapon)
Armour
 c - a +1 leather armour (worn)
 m - the +1 Delatra's gloves (worn) {ID++}
   (You found it on level 3 of the Dungeon)

   ID++:      It heals its wearer when they drink unknown potions, and restores
   their MP when they read unknown scrolls.
 n - a +0 kite shield (worn)
Wands
 g - a wand of quicksilver (13)
Scrolls
 b - a scroll of immolation
 d - 2 scrolls of identify
 i - 2 scrolls of silence
 l - a scroll of enchant weapon {unknown}
Potions
 f - a potion of brilliance
 h - a potion of flight {unknown}
 j - a potion of attraction {unknown}
 k - a potion of degeneration {unknown}


   Skills:
 + Level 4.3 Fighting
 + Level 5.4 Ranged Weapons
 + Level 3.9 Dodging
 + Level 2.7 Stealth


You had 5 spell levels left.
You didn't know any spells.
Your spell library contained the following spells:

 Spells                   Type           Power      Damage    Failure   Level
 Beastly Appendage        Tmut           0%         N/A       92%         1
 Cigotuvi's Dreadful Rot  Necr/Pois/Air  0%         N/A       98%         2
 Wereblood                Tmut           0%         N/A       98%         2
 Ignite Poison            Fire/Tmut/Pois 0%         N/A       100%        3
 Spider Form              Tmut/Pois      0%         N/A       100%        3
 Freezing Cloud           Conj/Ice/Air   0%         6-21      100%        5


Dungeon Overview and Level Annotations

Branches:
Dungeon (4/15)
 Temple: D:4-7

Altars:


Innate Abilities, Weirdness & Mutations

You have a pair of horns on your head.
You reflexively headbutt those who attack you in melee.


Message History

Found a stone staircase leading down.
The orc priest hits you with a +1 hand axe of freezing.
* * * LOW HITPOINT WARNING * * *
The orc priest freezes you.
* * * LOW HITPOINT WARNING * * *
Items here: )) [[ †.
Fire: o) +0 sling
Press: ? - help, Shift-Dir - straight line, f/p - orc priest
Aim: an orc priest, wielding a +1 hand axe of freezing and wearing a +0 leather armour (lightly wounded, 62% to hit)
You shoot a sling bullet.
The sling bullet closely misses the orc priest.
You block the orc priest's attack. x2
Fire: o) +0 sling
Press: ? - help, Shift-Dir - straight line, f/p - orc priest
Aim: an orc priest, wielding a +1 hand axe of freezing and wearing a +0 leather armour (lightly wounded, 62% to hit)
You shoot a sling bullet.
The sling bullet closely misses the orc priest.
You block the orc priest's attack.
Fire: o) +0 sling
Press: ? - help, Shift-Dir - straight line, f/p - orc priest
Aim: an orc priest, wielding a +1 hand axe of freezing and wearing a +0 leather armour (lightly wounded, 62% to hit)
You shoot a sling bullet. The sling bullet hits the orc priest.
The orc priest is moderately wounded.
The orc priest barely misses you.
Fire: o) +0 sling
Press: ? - help, Shift-Dir - straight line, f/p - orc priest
Aim: an orc priest, wielding a +1 hand axe of freezing and wearing a +0 leather armour (moderately wounded, 62% to hit)
You shoot a sling bullet. The sling bullet hits the orc priest.
The orc priest is heavily wounded.
You block the orc priest's attack.
The orc priest looks satisfied for a moment.
Fire: o) +0 sling
Press: ? - help, Shift-Dir - straight line, f/p - orc priest
Aim: an orc priest, wielding a +1 hand axe of freezing and wearing a +0 leather armour (heavily wounded, 62% to hit)
You shoot a sling bullet.
The sling bullet closely misses the orc priest.
The orc priest hits you with a +1 hand axe of freezing.
* * * LOW HITPOINT WARNING * * *
The orc priest freezes you.
You die...

### ..#
##.# ..#
#.#.###.#
#.....<@#
#.#.###o#
.[.#
##..#
#..# >..#
##.# .#


You could see an orc priest.

Vanquished Creatures
  A centaur (D:3)
  A scorpion (D:3)
  An iguana (D:3)
  An orc wizard (D:3)
  2 adders (D:2)
  A worm (D:2)
  2 dart slugs
  6 orcs
  4 bats
  3 endoplasms
  2 giant cockroaches (D:1)
  4 goblins
  A hobgoblin (D:2)
  4 jackals (D:2)
  5 kobolds
  2 quokkas
  A ball python (D:2)
  2 frilled lizards
  12 rats
55 creatures vanquished.

Notes
Turn   | Place    | Note
-------+----------+-------------------------------------------
     0 | D:1      | Persephone the Minotaur Hunter began the quest for the Orb.
     0 | D:1      | Reached XP level 1. HP: 18/18 MP: 0/0
   143 | D:1      | Reached skill level 1 in Stealth
   339 | D:1      | Reached XP level 2. HP: 25/25 MP: 1/1
   855 | D:2      | Reached XP level 3. HP: 31/31 MP: 2/2
   894 | D:2      | Found a faded altar of an unknown god.
  1441 | D:3      | Reached XP level 4. HP: 25/38 MP: 3/3
  1531 | D:3      | Noticed a scorpion
  1543 | D:3      | Killed a scorpion
  1544 | D:3      | Reached skill level 5 in Ranged Weapons
  1544 | D:3      | Reached XP level 5. HP: 15/46 MP: 4/4
  1788 | D:3      | Noticed a centaur
  1793 | D:3      | Killed a centaur
  2269 | D:3      | Found the +1 Delatra's gloves {ID++}
  2679 | D:4      | Reached XP level 6. HP: 26/52 MP: 5/5
  2684 | D:4      | HP: 2/52 [orc priest/+1 hand axe of freezing (1)]
  2693 | D:4      | HP: 2/52 [orc priest/+1 hand axe of freezing (5)]
  2693 | D:4      | Slain by an orc priest

Illustrated notes

Levels and vault maps discovered:
D:1:      ncdulo_watergridlock, layout_loops_corners, minmay_rat_gold_closets
D:2:      layout_loops_ring, chequers_ecumenical_altar_island
D:3:      layout_loops_cross, pf_guarded_unrand_delatra
D:4:      gammafunk_steamed_eel, layout_loops_corners, serial_shops, shop_coins,
          serial_bayou_pond_b, kennysheep_generic_room_3, uniq_eustachio,
          uniq_ijyb

Skill      XL: |  1  2  3  4  5 |
---------------+----------------+-----
Stealth        | 1 2 |  2.7
Fighting       | 3 4 |  4.3
Dodging        | 3 |  3.9
Ranged Weapons | 5 |  5.4

Action                     |  1- 3 |  4- 6 || total
---------------------------+-------+-------++-------
  Melee: Shortbow          |       |     5 ||     5
   Fire: Shortbow          |    85 |    61 ||   146
         Sling             |       |    22 ||    22
    Use: Scroll            |     3 |     3 ||     6
         Potion            |       |     2 ||     2
 Armour: Leather armour    |     6 |    24 ||    30
  Dodge: Dodged            |    13 |    48 ||    61
  Block: Kite shield       |       |     9 ||     9
